 Dungeon Crawl Stone Soup version 0.29-a0-371-g91724d5b39 (webtiles) character file.

Game seed: 13218904793506186993

29 Bruhh the Gusty (level 3, -3/24 HPs)
             Began as a Human Air Elementalist on May 3, 2022.
             Killed from afar by Natasha (8 damage)
             ... with a magic dart
             ... on level 3 of the Dungeon.
             The game lasted 00:03:19 (1725 turns).

Bruhh the Gusty (Human Air Elementalist)            Turns: 1725, Time: 00:03:19

Health: -3/24      AC:  4    Str:  8    XL:     3   Next: 32%
Magic:  0/7        EV: 12    Int: 17    God:
Gold:   69         SH:  0    Dex: 13    Spells: 6/7 levels left

rFire   . . .      SeeInvis .   (no weapon)
rCold   . . .      Faith    .   (no shield)
rNeg    . . .      Spirit   .   a - +0 robe
rPois   .          Reflect  .   (no helmet)
rElec   .          Harm     .   f - +0 cloak
rCorr   .          Rampage  .   c - +0 pair of gloves
Will    +....                   (no boots)
Stlth   ++........              (no amulet)
HPRegen 0.08/turn               h - ring of willpower
MPRegen 0.10/turn               (no ring)

@: no status effects
A: no striking features
a: no special abilities


You were on level 3 of the Dungeon.
You visited 1 branch of the dungeon, and saw 3 of its levels.

You collected 69 gold pieces.

Inventory:

Missiles
 j - 2 throwing nets
Armour
 a - a +0 robe (worn)
 c - a +0 pair of gloves (worn)
 f - a +0 cloak (worn)
Jewellery
 d - a ring of flight
 h - a ring of willpower (left hand)
Scrolls
 i - 2 scrolls of identify {unknown}
 k - a scroll of blinking {unknown}
 n - a scroll of magic mapping {unknown}
Potions
 b - a potion of magic
 e - a potion of might {unknown}
 g - 2 potions of heal wounds {unknown}
 l - a potion of curing {unknown}
 m - a potion of degeneration {unknown}


   Skills:
 - Level 2.0 Dodging
 - Level 2.0 Stealth
 + Level 2.7 Spellcasting
 - Level 1.0 Conjurations
 + Level 3.6 Air Magic


You had 6 spell levels left.
You knew the following spells:

 Your Spells              Type           Power      Damage    Failure   Level
a - Shock                 Conj/Air       40%        1d5       7%          1

Your spell library contained the following spells:

 Spells                   Type           Power      Damage    Failure   Level
 Static Discharge         Conj/Air       10%        N/A       11%         2
 Swiftness                Air            14%        N/A       12%         3
 Pain                     Necr           8%         1d4       19%         1
 Airstrike                Air            7%         N/A       36%         4
 Agony                    Necr           2%         N/A       99%         5
 Excruciating Wounds      Necr           1%         N/A       99%         5


Dungeon Overview and Level Annotations

Branches:
Dungeon (3/15)

Altars:

Shops:
D:1 ?

Annotations:
D:3 Natasha


Message History

Natasha claws you.
The zap hits Natasha.
Natasha is heavily wounded.
Natasha claws you.
The zap hits Natasha.
Natasha is severely wounded.
Natasha casts a spell.
The zap misses Natasha.
Natasha claws you.
The crimson imp blinks!
The zap hits Natasha but does no damage.
Natasha is severely wounded.
Natasha mumbles some strange words.
Natasha's front paws start to glow.
Natasha mumbles some strange words.
The zap hits Natasha.
Natasha is almost dead.
Natasha claws you.
You are too injured to fight recklessly!
You are too injured to fight recklessly!
You are too injured to fight recklessly!
Natasha attacks as you move away! Natasha barely misses you.
Natasha mumbles some strange words.
The crimson imp blinks!
The crimson imp blinks!
Casting: Shock (safe; 7% risk of failure)
Confirm with . or Enter, or press ? or * to list all spells.
Aiming: Shock (safe; 7% risk of failure)
Press: ? - help, Shift-Dir - straight line, f/p - Natasha
Aim: Natasha (almost dead, 60% to hit)
The zap hits Natasha.
Natasha is almost dead.
The zap hits the shadow imp.
The shadow imp is heavily wounded.
Natasha claws you but does no damage. Natasha casts a spell at you.
The magic dart hits you!
* * * LOW HITPOINT WARNING * * *
The shadow imp shouts, "Turn tail, thou pribbling half-faced puttock!"
Natasha stares at you and mumbles some strange words.
The magic dart hits you!
You die...

#.#.......#.#
#.#.....#.#.#
#.#####.#.#.# ######
#.........#.#
###....#########.###.#
#......+.......#.# #.#
###...)#######.#.###.#
###....#...###.#...#.#
#.....5h.@.'...)...>.#
###5####...###.#.#.#.#
#.# #...# #.#<..#.###
#5# ##### #.#.###...#
#.# #.#.#####.### #'#
#.#.........#
#........#
#.###########
#........#
#...........#
#......>.#
###########.#


You could see Natasha, a crimson imp (summoned) and a shadow imp (summoned).

Vanquished Creatures
  An adder (D:2)
  3 ball pythons
  5 endoplasms
  A giant cockroach (D:2)
  A hobgoblin (D:2)
  A quokka (D:2)
  2 bats (D:1)
  A frilled lizard (D:1)
  3 kobolds (D:2)
  A rat (D:1)
19 creatures vanquished.

Notes
Turn   | Place    | Note
-------+----------+-------------------------------------------
     0 | D:1      | Bruhh the Human Air Elementalist began the quest for the
                  | Orb.
     0 | D:1      | Reached XP level 1. HP: 13/13 MP: 3/3
   138 | D:1      | Found Raseax's Magic Scroll Shop.
   328 | D:1      | Found a faded altar of an unknown god.
   422 | D:1      | Reached XP level 2. HP: 19/19 MP: 1/5
  1038 | D:2      | Reached XP level 3. HP: 22/24 MP: 1/6
  1707 | D:3      | Noticed Natasha
  1725 | D:3      | Killed from afar by Natasha

Illustrated notes

Levels and vault maps discovered:
D:1:      dpeg_arrival_rooms_c, layout_loops_ring, serial_shops,
          nicolae_lakefront_shop, basic_ecumenical_altar
D:2:      kennysheep_big_flooded_room, layout_basic
D:3:      layout_basic, mainiacjoe_overflow_alcove_2, uniq_natasha

Action                   || total
-------------------------++-------
Melee: Unarmed           ||     8
 Cast: Shock             ||    43
Armor: Robe              ||     9
Dodge: Dodged            ||    30

Table legend: (Time is in decaauts)
 A = Elapsed time spent in this place.
 B = Non-inter-level travel time spent in this place.
 C = Inter-level travel time spent in this place.
 D = Time resting spent in this place.
 E = Time spent auto-exploring this place.
 F = Levels seen in this place.
 G = Mean time per level.
                   A        B        C        D        E       F      G
               +--------+--------+--------+--------+--------+-----+--------+
         Total |   1724 |   1686 |     38 |      0 |   1498 |   3 |  574.7 |
       Dungeon |   1724 |   1686 |     38 |      0 |   1498 |   3 |  574.7 |
               +--------+--------+--------+--------+--------+-----+--------+

Top non-repeatable levels by time:
     D:2: 803 daAuts
     D:1: 781 daAuts
     D:3: 138 daAuts
